 Dungeon Crawl Stone Soup version 0.31-a0-986-g5e6e4ef867 (webtiles) character file.

Game seed: 4610567597971437519

124 AppTheSpectato the Poker (level 4, -1/35 HPs)
             Began as a Demonspawn Wanderer on Nov 8, 2023.
             Slain by an orc
             ... wielding a +0 flail
              (6 damage)
             ... on level 3 of the Dungeon.
             The game lasted 00:07:21 (1796 turns).

AppTheSpectato the Poker (Demonspawn Wanderer)      Turns: 1796, Time: 00:07:24

Health: -1/35      AC:  8    Str: 12    XL:     4   Next: 81%
Magic:  5/5        EV:  6    Int: 15    God:
Gold:   122        SH:  0    Dex: 13    Spells: 4/5 levels left

rFire   . . .        a - +1 spear
rCold   . . .        (no shield)
rNeg    . . .        c - +0 chain mail
rPois   +            (no helmet)
rElec   .            (no cloak)
rCorr   .            (no gloves)
SInv    .            (no boots)
Will    .....        (no amulet) Stlth
                     g - ring of poison resistance
HPRegen 0.25/turn    (no ring)
MPRegen 0.09/turn

%: no passive effects
@: no status effects
A: claws 2, demonic magic 1
a: no special abilities


You were on level 3 of the Dungeon.
You visited 1 branch of the dungeon, and saw 3 of its levels.

You collected 122 gold pieces.

Inventory:

Hand Weapons
 a - a +1 spear (weapon)
Missiles
 o - 3 atropa-tipped darts (quivered)
Armour
 c - a +0 chain mail (worn)
Jewellery
 g - a ring of poison resistance (left claw)
 p - a ring of fire
Scrolls
 d - 2 scrolls of fog {unknown}
 i - a scroll of enchant armour {unknown}
 j - a scroll of immolation {unknown}
 k - a scroll of noise {unknown}
 l - a scroll of identify
 m - 2 scrolls of teleportation {unknown}
 n - a scroll of blinking {unknown}
Potions
 b - 3 potions of curing
 e - a potion of brilliance
 f - a potion of lignification {unknown}
 h - a potion of degeneration {unknown}


   Skills:
 + Level 3.0 Fighting
 + Level 4.4 Polearms
 + Level 2.1 Armour
 - Level 1.0 Stealth
 - Level 1.0 Spellcasting
 - Level 1.7 Air Magic


You had 4 spell levels left.
You knew the following spells:

 Your Spells              Type           Power      Damage    Failure   Level
a - Shock                 Conj/Air       12%        1d3       99%         1

Your spell library contained the following spells:

 Spells                   Type           Power      Damage    Failure   Level
 Swiftness                Air            6%         N/A       100%        3
 Summon Lightning Spire   Summ/Air       3%         N/A       100%        4
 Summon Forest            Summ/Tloc      0%         N/A       100%        5
 Eringya's Noxious Bog    Tmut/Pois      0%         4d6       100%        6
 Summon Hydra             Summ           0%         N/A       100%        7


Dungeon Overview and Level Annotations

Branches:
Dungeon (3/15)

Altars:
Trog


Innate Abilities, Weirdness & Mutations

You have very sharp fingernails.
Spells you cast may paralyse adjacent enemies.


Message History

The orc priest begins to cast a cantrip, but forgets the words!
You hit the orc.
The orc is heavily wounded.
The orc hits you but does no damage. The orc barely misses you.
You hit the orc.
You kill the orc!
The orc priest invokes the aid of Beogh against you.
Pain shoots through your body! The orc hits you with a +0 flail.
You barely miss the orc. The orc completely misses you.
You barely miss the orc priest.
The orc priest hits you but does no damage.
The orc hits you but does no damage.
You hit the orc priest.
The orc priest is lightly wounded.
The orc priest hits you but does no damage.
The orc hits you with a +0 flail.
You are too injured to fight recklessly!
You are too injured to fight recklessly!
You closely miss the orc priest.
The orc priest is lightly wounded.
An orc comes into view. It is wielding a +0 rapier.
The orc priest looks braver for a moment.
The orc hits you but does no damage.
You closely miss the orc priest.
The orc priest is lightly wounded.
The orc shouts!
You barely miss the orc priest.
The orc priest is lightly wounded.
The orc hits you with a +0 flail.
The orc priest hits you with a +0 dagger.
You closely miss the orc priest.
The orc priest is lightly wounded.
The orc priest closely misses you. The orc hits you but does no damage.
You hit the orc priest.
The orc priest is moderately wounded.
The orc priest calls down the wrath of Beogh upon you.
Pain shoots through your body!
* * * LOW HITPOINT WARNING * * *
The orc hits you with a +0 flail.
You die...

#.............
.............. .
#............ ..
##......o... ..♣
#.......<.. ...♣
......... ....♣
#....o#.....♣
.######.#@o......
.............#...
######.####.#
#..# .. ##.## #.≈
#..# ≈ ##.# . #|#
.. ##.#####._.


You could see an orc priest and 2 orcs.

Vanquished Creatures
  7 adders
  A worm (D:3)
  2 dart slugs
  An orc (D:3)
  7 endoplasms
  2 giant cockroaches
  3 goblins (D:2)
  4 hobgoblins
  2 jackals (D:2)
  5 kobolds
  3 quokkas
  9 ball pythons
  3 bats
  A frilled lizard (D:2)
  4 rats
54 creatures vanquished.

Notes
Turn   | Place    | Note
-------+----------+-------------------------------------------
     0 | D:1      | AppTheSpectato the Demonspawn Wanderer began the quest for
                  | the Orb.
     0 | D:1      | AppTheSpectato set off with the following items: a +1
                  | spear, a potion of curing, a +0 robe; and the following
                  | spell memorised: Shock; and the following spells available
                  | to memorise: Swiftness, Summon Lightning Spire.
     0 | D:1      | Reached XP level 1. HP: 15/15 MP: 2/2
    71 | D:1      | Gained mutation: You have sharp fingernails. [demonic
                  | ancestry]
    71 | D:1      | Reached XP level 2. HP: 18/21 MP: 3/3
   618 | D:1      | Reached skill level 4 in Polearms
   991 | D:2      | Gained mutation: You have very sharp fingernails. [demonic
                  | ancestry]
   991 | D:2      | Reached XP level 3. HP: 26/27 MP: 4/4
  1176 | D:2      | Gained mutation: Spells you cast may paralyse adjacent
                  | enemies. [demonic ancestry]
  1176 | D:2      | Reached XP level 4. HP: 19/34 MP: 5/5
  1253 | D:2      | Identified the +2 whip of Maoneaxt {venom, *Slow Str+4}
  1747 | D:3      | Found a bloodstained altar of Trog.
  1796 | D:3      | Slain by an orc

Illustrated notes

Levels and vault maps discovered:
D:1:      psy_arrival_spokes, layout_basic, minmay_misc_feat_four_crosses
D:2:      layout_loops_ring, minmay_hexomino_c4
D:3:      layout_rooms, mainiacjoe_overflow_boulevard,
          shapermc_ecumenical_altar_flowoftime, minmay_puff

Skill      XL: |  1  2  3  4 |
---------------+-------------+-----
Fighting       | 2 3 |  3.0
Polearms       | 4 |  4.4
Armour         | 2 |  2.1
Stealth        | |  1.0
Spellcasting   | |  1.0
Air Magic      | |  1.7

Action                     |  1- 3 |  4- 6 || total
---------------------------+-------+-------++-------
  Melee: Spear             |   124 |    57 ||   181
         Punch             |     1 |       ||     1
  Throw: Dart              |       |     1 ||     1
   Cast: Shock             |     4 |       ||     4
    Use: Scroll            |     2 |       ||     2
 Armour: Robe              |     5 |       ||     5
         Chain mail        |    64 |    26 ||    90
  Dodge: Dodged            |    19 |    12 ||    31

Table legend: (Time is in decaauts)
 A = Elapsed time spent in this place.
 B = Non-inter-level travel time spent in this place.
 C = Inter-level travel time spent in this place.
 D = Time resting spent in this place.
 E = Time spent auto-exploring this place.
 F = Levels seen in this place.
 G = Mean time per level.
                   A        B        C        D        E       F      G
               +--------+--------+--------+--------+--------+-----+--------+
         Total |   1775 |   1688 |     87 |      0 |   1346 |   3 |  591.7 |
       Dungeon |   1775 |   1688 |     87 |      0 |   1346 |   3 |  591.7 |
               +--------+--------+--------+--------+--------+-----+--------+

Top non-repeatable levels by time:
     D:1: 901 daAuts
     D:2: 810 daAuts
     D:3: 63 daAuts
